General information
			
			
        
        - name: BNet
 
        - type: Ladder team game (AT/RT)
 
        - host: Battle.net
 
        - saver: HoneyBlunt
 
        
map: SilverpineForest 
        - players: 6
 
        - length: 31:04
 
        - speed: Fast
 - version: 1.22 W3XP
 - replay type:  Public
 
» download(230 KB)
Players
        team 1 (winner) 
              
              
ErPf3000 (
red | 122 APM | 3796 actions | 31:02)
              
 7 Death Knight 
 3 Death Coil
 3 Unholy Aura
 1 Animate Dead
 5 Lich 
 3 Frost Nova
 1 Dark Ritual
 1 Frost Armor
 
                » actions 
                
                | Assign group hotkey | 19 |  | 
| Basic commands | 709 |  | 
| Build / train | 106 |  | 
| Enter build submenu | 28 |  | 
| Enter hero's abilities submenu | 12 |  | 
| Give item / drop item | 2 |  | 
| Right click | 603 |  | 
| Select / deselect | 855 |  | 
| Select group hotkey | 1317 |  | 
| Use ability | 145 |  | 
                3796 total
 » units 
                
                | Acolyte | 15 |  | 
| Ghoul | 4 |  | 
| Crypt Fiend | 7 |  | 
| Obsidian Statue | 2 |  | 
| Frost Wyrm | 12 |  | 
                40 total
 » upgrades
                
                | Web | 1 |  | 
| Creature Attack | 3 |  | 
| Creature Carapace | 4 |  | 
| Destroyer Form | 1 |  | 
| Freezing Breath | 1 |  | 
                10 total
 » buildings
                
                | Crypt | 1 |  | 
| Graveyard | 1 |  | 
| Ziggurat | 13 |  | 
| Altar of Darkness | 1 |  | 
| Tomb of Relics | 1 |  | 
| Nerubian Tower | 3 |  | 
| Halls of the Dead | 1 |  | 
| Spirit Tower | 7 |  | 
| Slaughterhouse | 2 |  | 
| Black Citadel | 3 |  | 
| Sacrificial Pit | 1 |  | 
| Boneyard | 2 |  | 
                36 total
 » build order
                00:08 Crypt
00:26 Graveyard
00:40 Ziggurat
01:00 Altar of Darkness
01:45 Tomb of Relics
01:55 Nerubian Tower
01:55 Nerubian Tower
01:56 Nerubian Tower
02:17 Ziggurat
03:56 Ziggurat
04:52 Halls of the Dead
05:25 Spirit Tower
05:31 Ziggurat
07:33 Slaughterhouse
07:52 Ziggurat
08:05 Ziggurat
08:47 Spirit Tower
08:47 Spirit Tower
09:07 Spirit Tower
09:08 Spirit Tower
10:48 Black Citadel
10:48 Black Citadel
11:29 Slaughterhouse
11:40 Sacrificial Pit
13:42 Boneyard
13:51 Spirit Tower
14:18 Boneyard
16:08 Ziggurat
19:02 Ziggurat
19:26 Ziggurat
25:08 Ziggurat
25:10 Ziggurat
27:39 Ziggurat
30:27 Ziggurat
» items
                
                | Rod of Necromancy | 7 |  | 
| Sacrificial Skull | 1 |  | 
| Potion of Healing | 1 |  | 
| Dust of Appearance | 1 |  | 
| Scroll of Protection | 2 |  | 
| Potion of Lesser Invulnerability | 1 |  | 
| Scroll of Healing | 3 |  | 
| Scroll of Town Portal | 4 |  | 
| Orb of Corruption | 1 |  | 
                21 total
  
               
              
              
HoneyBlunt (
yellow | 67 APM | 2078 actions | 31:04)
              
 6 Tauren Chieftain 
 2 War Stomp
 3 Endurance Aura
 1 Reincarnation
 4 Shadow Hunter 
 2 Hex
 2 Healing Wave
 
                » actions 
                
                | Assign group hotkey | 16 |  | 
| Basic commands | 167 |  | 
| Build / train | 61 |  | 
| ESC pressed | 2 |  | 
| Enter build submenu | 42 |  | 
| Enter hero's abilities submenu | 11 |  | 
| Give item / drop item | 2 |  | 
| Remove unit from queue | 1 |  | 
| Right click | 805 |  | 
| Select / deselect | 393 |  | 
| Select group hotkey | 416 |  | 
| Use ability | 161 |  | 
                2078 total
 » units 
                
                | Peon | 18 |  | 
| Grunt | 7 |  | 
| Troll Witch Doctor | 11 |  | 
                36 total
 » upgrades
                
                | Armor | 2 |  | 
| Melee Weapons | 2 |  | 
| Berserker Strength | 1 |  | 
| Witch Doctor Training | 2 |  | 
| Reinforced Defenses | 1 |  | 
                8 total
 » buildings
                
                | Altar of Storms | 1 |  | 
| Orc Burrow | 4 |  | 
| War Mill | 2 |  | 
| Barracks | 1 |  | 
| Watch Tower | 27 |  | 
| Stronghold | 2 |  | 
| Spirit Lodge | 1 |  | 
| Fortress | 1 |  | 
| Great Hall | 5 |  | 
                44 total
 » build order
                00:24 Altar of Storms
00:36 Orc Burrow
00:47 War Mill
01:18 Barracks
01:50 Orc Burrow
02:20 Watch Tower
02:41 Orc Burrow
04:03 Stronghold
06:28 Spirit Lodge
06:53 Fortress
08:02 Orc Burrow
09:07 Watch Tower
10:16 Great Hall
10:43 Watch Tower
10:45 Watch Tower
10:46 Watch Tower
10:47 Watch Tower
10:49 Watch Tower
13:00 Great Hall
13:25 Watch Tower
13:26 Watch Tower
13:41 Watch Tower
13:43 Watch Tower
13:55 Watch Tower
14:29 Watch Tower
14:32 Watch Tower
15:07 Watch Tower
19:03 Stronghold
19:10 Great Hall
19:28 Great Hall
20:49 Watch Tower
21:07 Watch Tower
21:09 Watch Tower
21:10 Watch Tower
21:13 Watch Tower
21:14 Watch Tower
23:38 Watch Tower
23:46 Watch Tower
25:11 Watch Tower
25:12 Watch Tower
26:19 Watch Tower
27:23 Watch Tower
27:35 Great Hall
27:45 War Mill
» items
                 
               
              
              
learnhuman (
purple | 100 APM | 3089 actions | 31:02)
              
 6 Archmage 
 3 Summon Water Elemental
 2 Brilliance Aura
 1 Mass Teleport
 5 Paladin 
 3 Holy Light
 2 Divine Shield
 
                » actions 
                
                | Assign group hotkey | 48 |  | 
| Basic commands | 129 |  | 
| Build / train | 81 |  | 
| Enter build submenu | 34 |  | 
| Enter hero's abilities submenu | 11 |  | 
| Give item / drop item | 7 |  | 
| Remove unit from queue | 2 |  | 
| Right click | 1087 |  | 
| Select / deselect | 329 |  | 
| Select group hotkey | 1263 |  | 
| Use ability | 98 |  | 
                3089 total
 » units 
                
                | Peasant | 10 |  | 
| Footman | 6 |  | 
| Rifleman | 11 |  | 
| Mortar Team | 14 |  | 
                41 total
 » upgrades
                
                | Gunpowder | 3 |  | 
| Long Rifles | 1 |  | 
| Flare | 1 |  | 
| Fragmentation Shards | 1 |  | 
| Masonry | 3 |  | 
| Armor | 3 |  | 
                12 total
 » buildings
                
                | Altar of Kings | 1 |  | 
| Farm | 13 |  | 
| Barracks | 1 |  | 
| Scout Tower | 9 |  | 
| Lumber Mill | 1 |  | 
| Arcane Tower | 4 |  | 
| Blacksmith | 1 |  | 
| Keep | 1 |  | 
| Workshop | 2 |  | 
| Arcane Vault | 1 |  | 
| Castle | 1 |  | 
| Guard Tower | 3 |  | 
                38 total
 » build order
                00:13 Altar of Kings
00:22 Farm
00:25 Farm
00:39 Barracks
01:20 Scout Tower
01:37 Lumber Mill
01:53 Arcane Tower
01:54 Arcane Tower
01:54 Arcane Tower
02:37 Farm
02:50 Blacksmith
03:47 Keep
04:33 Farm
05:26 Farm
05:46 Farm
06:22 Workshop
06:50 Arcane Vault
08:03 Farm
09:11 Castle
09:12 Farm
10:40 Workshop
10:42 Farm
12:59 Scout Tower
13:02 Scout Tower
13:06 Scout Tower
14:01 Guard Tower
14:04 Scout Tower
14:19 Farm
14:23 Scout Tower
14:26 Scout Tower
14:58 Guard Tower
15:19 Guard Tower
16:10 Scout Tower
16:12 Farm
16:49 Scout Tower
23:05 Farm
28:29 Farm
» items
                 
               team 2 (loser) 
              
              
El_Sheffieldo (
orange | 61 APM | 1875 actions | 30:50)
              
 4 Blademaster 
 2 Wind Walk
 2 Critical Strike
 
                » actions 
                
                | Assign group hotkey | 10 |  | 
| Build / train | 72 |  | 
| Enter build submenu | 41 |  | 
| Enter hero's abilities submenu | 5 |  | 
| Give item / drop item | 6 |  | 
| Remove unit from queue | 2 |  | 
| Right click | 771 |  | 
| Select / deselect | 338 |  | 
| Select group hotkey | 497 |  | 
| Use ability | 133 |  | 
                1875 total
 » units 
                
                | Peon | 13 |  | 
| Troll Batrider | 22 |  | 
| Tauren | 1 |  | 
                36 total
 » upgrades
                
                | Ranged Weapons | 3 |  | 
| Reinforced Defenses | 1 |  | 
| Liquid Fire | 1 |  | 
| Armor | 1 |  | 
| Melee Weapons | 1 |  | 
| Pulverize | 1 |  | 
| Witch Doctor Training | 2 |  | 
| Shaman Training | 2 |  | 
                12 total
 » buildings
                
                | Altar of Storms | 1 |  | 
| Orc Burrow | 7 |  | 
| Voodoo Lounge | 1 |  | 
| War Mill | 1 |  | 
| Stronghold | 1 |  | 
| Watch Tower | 18 |  | 
| Fortress | 1 |  | 
| Beastiary | 3 |  | 
| Spirit Lodge | 2 |  | 
| Tauren Totem | 4 |  | 
| Great Hall | 1 |  | 
                40 total
 » build order
                00:05 Altar of Storms
00:27 Orc Burrow
00:50 Voodoo Lounge
01:10 War Mill
01:50 Orc Burrow
01:55 Orc Burrow
03:19 Stronghold
03:22 Watch Tower
03:24 Watch Tower
03:29 Watch Tower
03:39 Watch Tower
03:48 Watch Tower
05:04 Watch Tower
05:33 Orc Burrow
05:37 Orc Burrow
05:54 Fortress
06:00 Beastiary
06:32 Beastiary
07:22 Beastiary
07:30 Watch Tower
10:34 Orc Burrow
10:36 Orc Burrow
18:56 Spirit Lodge
18:58 Spirit Lodge
19:01 Tauren Totem
19:08 Tauren Totem
19:10 Tauren Totem
19:12 Tauren Totem
20:07 Watch Tower
20:09 Watch Tower
20:10 Watch Tower
20:11 Watch Tower
21:16 Watch Tower
21:19 Watch Tower
21:20 Watch Tower
21:21 Watch Tower
22:31 Watch Tower
22:33 Watch Tower
22:34 Watch Tower
27:42 Great Hall
» items
                
                | Healing Salve | 4 |  | 
| Lesser Clarity Potion | 6 |  | 
| Boots of Speed | 1 |  | 
| Staff of Teleportation | 1 |  | 
| Gloves of Haste | 1 |  | 
| Orb of Lightning | 1 |  | 
| Claws of Attack +9 | 1 |  | 
| Tiny Great Hall | 1 |  | 
                16 total
  
               
              
              
ELLisSTUPID (
pink | 89 APM | 2752 actions | 30:54)
              
 6 Goblin Tinker 
 2 Pocket Factory
 3 Engineering Upgrade
 1 Robo-Goblin
 
                » actions 
                
                | Assign group hotkey | 2 |  | 
| Basic commands | 70 |  | 
| Build / train | 109 |  | 
| Enter build submenu | 58 |  | 
| Enter hero's abilities submenu | 6 |  | 
| Give item / drop item | 7 |  | 
| Right click | 1692 |  | 
| Select / deselect | 663 |  | 
| Use ability | 145 |  | 
                2752 total
 » units 
                
                | Peasant | 29 |  | 
| Mortar Team | 5 |  | 
| Gryphon Rider | 8 |  | 
                42 total
 » upgrades
                
                | Masonry | 3 |  | 
| Gunpowder | 3 |  | 
| Lumber Harvesting | 2 |  | 
| Fragmentation Shards | 1 |  | 
| Flare | 1 |  | 
| Armor | 3 |  | 
| Storm Hammers | 1 |  | 
| Animal War Training | 1 |  | 
| Swords | 2 |  | 
                17 total
 » buildings
                
                | Altar of Kings | 1 |  | 
| Farm | 11 |  | 
| Lumber Mill | 1 |  | 
| Scout Tower | 26 |  | 
| Arcane Tower | 2 |  | 
| Guard Tower | 9 |  | 
| Keep | 1 |  | 
| Town Hall | 3 |  | 
| Arcane Vault | 2 |  | 
| Blacksmith | 1 |  | 
| Castle | 1 |  | 
| Workshop | 4 |  | 
| Gryphon Aviary | 6 |  | 
| Barracks | 1 |  | 
                69 total
 » build order
                00:07 Altar of Kings
00:09 Farm
00:19 Lumber Mill
00:48 Scout Tower
01:05 Farm
01:29 Arcane Tower
01:43 Scout Tower
02:06 Farm
02:14 Arcane Tower
03:07 Farm
03:14 Scout Tower
03:16 Scout Tower
04:02 Guard Tower
05:10 Keep
05:17 Scout Tower
05:19 Scout Tower
05:21 Scout Tower
05:22 Scout Tower
05:45 Scout Tower
05:46 Guard Tower
05:48 Guard Tower
05:49 Scout Tower
05:50 Scout Tower
05:52 Scout Tower
05:55 Scout Tower
05:57 Scout Tower
05:59 Scout Tower
06:01 Scout Tower
06:05 Scout Tower
06:19 Scout Tower
06:20 Guard Tower
06:22 Scout Tower
06:23 Guard Tower
06:25 Scout Tower
06:51 Guard Tower
06:53 Town Hall
07:01 Guard Tower
07:19 Arcane Vault
07:22 Arcane Vault
07:53 Guard Tower
08:11 Guard Tower
08:13 Blacksmith
09:41 Castle
09:43 Workshop
09:44 Workshop
09:46 Workshop
09:48 Workshop
10:05 Farm
11:30 Farm
14:04 Farm
14:05 Farm
14:06 Farm
16:17 Town Hall
19:06 Gryphon Aviary
19:07 Gryphon Aviary
19:07 Gryphon Aviary
19:12 Barracks
23:27 Farm
23:28 Farm
25:59 Scout Tower
25:59 Scout Tower
25:59 Scout Tower
26:00 Scout Tower
26:00 Scout Tower
27:44 Gryphon Aviary
27:45 Gryphon Aviary
28:19 Town Hall
29:08 Gryphon Aviary
» items
                
                | Boots of Speed | 1 |  | 
| Staff of Teleportation | 1 |  | 
| Lesser Clarity Potion | 7 |  | 
| Healing Salve | 1 |  | 
| Scroll of Town Portal | 6 |  | 
| Orb of Lightning | 1 |  | 
| Potion of Mana | 2 |  | 
| Scroll of Regeneration | 2 |  | 
| Claws of Attack +9 | 1 |  | 
| Potion of Healing | 3 |  | 
| Staff of Sanctuary | 1 |  | 
                26 total
  
               
              
              
sockpuppet (
blue | 53 APM | 1651 actions | 31:01)
              
 5 Death Knight 
 3 Death Coil
 2 Unholy Aura
 
                » actions 
                
                | Assign group hotkey | 81 |  | 
| Basic commands | 7 |  | 
| Build / train | 41 |  | 
| Enter build submenu | 14 |  | 
| Enter hero's abilities submenu | 5 |  | 
| Give item / drop item | 2 |  | 
| Right click | 1011 |  | 
| Select / deselect | 171 |  | 
| Select group hotkey | 256 |  | 
| Use ability | 63 |  | 
                1651 total
 » units 
                
                | Acolyte | 2 |  | 
| Ghoul | 2 |  | 
| Crypt Fiend | 6 |  | 
| Obsidian Statue | 1 |  | 
| Frost Wyrm | 6 |  | 
                17 total
 » upgrades
                
                | Creature Carapace | 3 |  | 
| Web | 1 |  | 
| Creature Attack | 2 |  | 
| Burrow | 1 |  | 
                7 total
 » buildings
                
                | Graveyard | 1 |  | 
| Crypt | 1 |  | 
| Altar of Darkness | 1 |  | 
| Ziggurat | 7 |  | 
| Tomb of Relics | 1 |  | 
| Nerubian Tower | 1 |  | 
| Halls of the Dead | 1 |  | 
| Spirit Tower | 2 |  | 
| Slaughterhouse | 1 |  | 
| Black Citadel | 1 |  | 
| Sacrificial Pit | 1 |  | 
| Boneyard | 1 |  | 
                19 total
 » build order
                00:14 Graveyard
00:18 Crypt
00:44 Altar of Darkness
01:00 Ziggurat
01:19 Tomb of Relics
01:51 Ziggurat
01:55 Nerubian Tower
03:24 Ziggurat
04:30 Halls of the Dead
05:11 Spirit Tower
06:45 Ziggurat
07:02 Slaughterhouse
08:01 Black Citadel
09:11 Sacrificial Pit
10:48 Boneyard
12:13 Ziggurat
14:26 Spirit Tower
14:31 Ziggurat
17:27 Ziggurat
» items
                
                | Rod of Necromancy | 1 |  | 
| Scroll of Town Portal | 2 |  | 
| Staff of Teleportation | 1 |  | 
| Potion of Lesser Invulnerability | 1 |  | 
| Potion of Mana | 1 |  | 
                6 total
  
                Chat log
          (00:09 / All) HoneyBlunt: we play u before?
(00:14 / All) El_Sheffieldo: i think
(00:15 / All) ErPf3000: 25!
(00:15 / All) ELLisSTUPID: surely not
(00:18 / All) HoneyBlunt: gl hf
(06:11 / Allies) ErPf3000: all
(06:28 / Allies) ErPf3000: honey  iten for u
(06:30 / Allies) ErPf3000: mana
(13:30 / Allies) ErPf3000: !
(13:31 / All) ErPf3000: !!
(19:09 / Allies) learnhuman: meeet
(19:12 / Allies) learnhuman: we kill blue
(19:45 / Allies) learnhuman: we need to kill blue
(19:47 / Allies) learnhuman: he is the problem
(22:16 / Allies) ErPf3000: :P
(22:54 / Allies) ErPf3000: lumber  plz!
(24:25 / All) ErPf3000: zzz
(24:27 / All) ErPf3000: gg  kids
(25:45 / Allies) ErPf3000: ohhh
(27:04 / All) HoneyBlunt: u got one
(28:52 / All) ErPf3000: zzzzzzzzzzzzzzzzzzzz
(30:11 / All) learnhuman: this is so gay
(30:40 / All) ErPf3000: run  forest  run!
(30:49 / All) El_Sheffieldo: gg
(31:01 / All) learnhuman: not really